 Dungeon Crawl Stone Soup version 0.27-a0-1324-ge0d8e047f6 (webtiles) character file.

Game seed: 1117531001901618265

233 avis the Magician (level 5, -5/40 HPs)
             Began as a Draconian Transmuter on June 24, 2021.
             Succumbed to kobold brigand's curare-tipped dart
             ... in a sewer.
             The game lasted 00:12:09 (2498 turns).

avis the Magician (Draconian Transmuter)            Turns: 2498, Time: 00:12:10

Health: -5/40      AC:  2    Str: 13    XL:     5   Next: 75%
Magic:  10/10      EV: 19    Int: 13    God:
Gold:   58         SH:  0    Dex: 17    Spells: 5/11 levels left

rFire    . . .     SeeInvis .     - Unarmed
rCold    . . .     Faith    .   (shield currently unavailable)
rNeg     . . .     Spirit   .   (armour unavailable)
rPois    x         Reflect  .   (helmet currently unavailable)
rElec    .         Harm     .   (cloak currently unavailable)
rCorr    .         Rampage  .   (gloves currently unavailable)
Will     .....                  (boots currently unavailable)
Stlth    ++........             h - amulet of regeneration
HPRegen  1.13/turn              n - ring of flight
MPRegen  0.12/turn              (no ring)

@: lethally poisoned (-5 -> -37), spider-form (expiring), flying, slowed, very
slow
A: venomous fangs, AC +5, tiny, unfitting armour, (cold-blooded)
a: End Transformation


You were in a sewer.
You were a venomous arachnid creature.
You visited 1 branch of the dungeon, and saw 3 of its levels.
You also visited: Sewer.

You collected 58 gold pieces.

Inventory:

Hand Weapons
 e - a +3 mace of protection (melded)
 o - a +2 flail of protection
Missiles
 d - 101 stones
 g - 38 bolts
Armour
 i - a +0 buckler
 l - a +0 pair of boots (melded)
Jewellery
 h - an amulet of regeneration (around neck)
 n - a ring of flight (left front leg)
Wands
 p - a wand of acid (8)
Scrolls
 f - 3 scrolls of teleportation {unknown}
 j - a scroll of enchant armour {unknown}
 s - 2 scrolls of magic mapping {unknown}
Potions
 a - 2 potions of lignification {unknown}
 b - 2 potions of magic
 c - 3 potions of haste {unknown}
 k - 3 potions of might {unknown}
 m - 3 potions of curing {unknown}
 q - a potion of mutation {unknown}
 r - 2 potions of flight {unknown}
 t - a potion of heal wounds {unknown}


   Skills:
 - Level 1.1 Fighting
 - Level 1.7 Dodging
 - Level 3.4 Unarmed Combat
 * Level 3.7 Spellcasting
 - Level 3.2 Transmutations
 - Level 3.0 Poison Magic


You had 5 spell levels left.
You knew the following spells:

 Your Spells              Type           Power      Damage    Failure   Level
a - Beastly Appendage     Tmut           20%        N/A       16%         1
b - Wereblood             Tmut           10%        N/A       22%         2
p - Spider Form           Tmut/Pois      5%         N/A       38%         3

Your spell library contained the following spells:

 Spells                   Type           Power      Damage    Failure   Level
 Ice Form                 Ice/Tmut       6%         N/A       88%         4


Dungeon Overview and Level Annotations

Branches:
Dungeon (3/15)              Sewer (1/1)

Altars:


Innate Abilities, Weirdness & Mutations

You are a venomous arachnid creature.
You have poisonous fangs.
You are tiny and dextrous.
Your spellcasting is less reliable in this form.
Your armour is entirely melded.
You are incapable of wielding weapons or throwing items.
((Your plain brown scales are hard. (AC +5)))
You cannot fit into any form of body armour.
((You are cold-blooded and may be slowed by cold attacks.))


Message History

A kobold comes into view. It is wielding a +0 short sword.
Found a murky black potion.
You feel very sick.
You feel very sick.
Casting: Spider Form (quite dangerous; 19% risk of failure)
Confirm with . or Enter, or press ? or * to list all spells.
The spell is quite dangerous to cast (19% risk of failure)!
Continue anyway?
You turn into a venomous arachnid creature.
Your +3 mace of protection melds into your body.
Your +0 pair of boots melds into your body.
Your +3 mace of protection goes still.
You feel very sick.
The kobold brigand throws a curare-tipped dart.
The curare-tipped dart misses you.
You feel sick.
You feel sick.
The kobold brigand hits you with a +0 short sword.
The kobold shouts!
You hit the kobold brigand but do no damage.
The kobold brigand is poisoned.
You feel sick.
The kobold brigand hits you with a +0 short sword.
You hit the kobold brigand but do no damage.
The kobold brigand looks as sick as possible!
The kobold brigand is lightly wounded.
You feel sick.
The kobold brigand hits you with a +0 short sword.
* * * LOW HITPOINT WARNING * * *
The kobold brigand hits you with a +0 short sword.
* * * LOW HITPOINT WARNING * * *
You feel sick.
You are no longer poisoned.
Your transformation is almost over.
The kobold brigand throws a curare-tipped dart.
The curare-tipped dart hits you.
You are lethally poisoned!
You have difficulty breathing.
* * * LOW HITPOINT WARNING * * *
You feel as though you will be slow longer.
It was a potion of magic.
Magic courses through your body.
You die...

#....≈####...≈.##≈##
##...## ##.≈.###≈##
##≈## ##≈####.## #≈#
#≈###))≈# #†#
#≈##≈.∩.. #≈#
#≈###...# ##≈##
##≈####.## ##≈≈.##
##.≈.######
#≈.s.≈####≈.≈..#####
#≈≈...≈≈≈≈≈..≈≈≈≈≈≈≈
#..KK≈####.≈...#####
##≈≈≈## ##.≈≈## #
##.## ##≈## #.# #≈#
#.# #≈# #.# ##≈##
#.# ##...## #


You could see a kobold brigand (very poisoned) and a kobold.

Vanquished Creatures
  A kobold brigand (Sewer)
  A gnoll (D:2)
  7 adders
  3 river rats
  An orc (D:3)
  8 ball pythons
  3 endoplasms (Sewer)
  4 giant cockroaches
  7 goblins
  9 hobgoblins
  3 jackals (D:2)
  3 quokkas
  A frilled lizard (D:3)
  9 kobolds
  7 rats
67 creatures vanquished.

Notes
Turn   | Place    | Note
-------+----------+-------------------------------------------
     0 | D:1      | avis the Draconian Transmuter began the quest for the Orb.
     0 | D:1      | Reached XP level 1. HP: 16/16 MP: 3/3
   581 | D:1      | Reached XP level 2. HP: 23/23 MP: 3/5
   584 | D:1      | Learned a level 2 spell: Wereblood
   662 | D:1      | Found a faded altar of an unknown god.
  1073 | D:2      | Reached XP level 3. HP: 24/28 MP: 6/6
  1086 | D:1      | Learned a level 3 spell: Spider Form
  1126 | D:1      | Reached skill level 1 in Poison Magic
  1623 | D:2      | Reached XP level 4. HP: 35/35 MP: 7/7
  1998 | D:3      | Found a glowing drain.
  2022 | Sewer    | Entered a sewer
  2162 | Sewer    | Noticed a kobold brigand
  2172 | Sewer    | Killed a kobold brigand
  2173 | Sewer    | Reached XP level 5. HP: 34/40 MP: 1/9
  2498 | Sewer    | Succumbed to kobold brigand's curare-tipped dart

Illustrated notes

Levels and vault maps discovered:
D:1:      giann_bridges, layout_loops_corners,
          hellmonk_ecumenical_altar_heavens_door
D:2:      layout_loops_ring
D:3:      layout_loops_ring, portal_sewer_entry_a
Sewer:    sewer_co_15_rooms

Skill      XL: |  1  2  3  4 |
---------------+-------------+-----
Transmutations | 3 |  3.2
Poison Magic   | 2 3 |  3.0
Spellcasting   | 3 |  3.7
Fighting       | |  1.1
Dodging        | |  1.7
Unarmed Combat | |  3.4

Action                   |  1- 3 |  4- 6 || total
-------------------------+-------+-------++-------
Melee: Mace              |    74 |    22 ||    96
       Kick              |    10 |     4 ||    14
       Headbutt          |     7 |     2 ||     9
       Tailslap          |     1 |     2 ||     3
       Unarmed           |       |    52 ||    52
 Cast: Beastly Appendage |    22 |     9 ||    31
       Spider Form       |       |    10 ||    10
  Use: Potion            |       |     1 ||     1
 Stab: Sleeping          |       |     1 ||     1
Armor: Skin              |    23 |    12 ||    35
Dodge: Dodged            |    45 |    54 ||    99

Table legend: (Time is in decaauts)
 A = Elapsed time spent in this place.
 B = Non-inter-level travel time spent in this place.
 C = Inter-level travel time spent in this place.
 D = Time resting spent in this place.
 E = Time spent auto-exploring this place.
 F = Levels seen in this place.
 G = Mean time per level.
                   A        B        C        D        E       F      G
               +--------+--------+--------+--------+--------+-----+--------+
         Total |   2540 |   2437 |    103 |    170 |   1438 |   4 |  635.0 |
       Dungeon |   2059 |   1956 |    103 |     55 |   1297 |   3 |  686.3 |
         Sewer |    481 |    481 |      0 |    115 |    141 |   1 |  481.0 |
               +--------+--------+--------+--------+--------+-----+--------+

Top non-repeatable levels by time:
     D:1: 1084 daAuts
     D:2: 715 daAuts
   Sewer: 481 daAuts
     D:3: 258 daAuts
